cohdb
Replays
Latest Replays
All Replays
Popular Replays
Top Player Replays
Match Explorer
How It Works
Community
CoH3 Stats
Reddit
Sign in to upload your games and track your stats! →
Sign in with Steam
Match 43100579
Unlisted
Match 43100579
Overview
Messages
Build Orders
End
Panzerpioneer Squad
Selects Armored Support Battlegroup
250 Light Carrier
Panzergrenadier Squad
Panzergrenadier Squad
Construct Light Support Kompanie
Selects Superior Fire Drills
MG34 Team
Construct Mechanized Kompanie
Veteran Squad Leaders
Panzerjäger Squad
8 Rad Armored Car
Panzerjäger Squad
Advanced Field Repairs
Selects Flammpanzer III Medium Tank
Flammpanzer III Medium Tank
Construct Panzerarmee Kommand
Selects Command Panzer IV F Medium Tank
Command Panzer IV F Medium Tank
detahaven
Tenshi
REDFORCE
Tabaczany Baron
0
0
Comments
sign in to comment!
No comments posted yet!